 Dungeon Crawl Stone Soup version 0.28.0-45-g0d030f2227 (webtiles) character file.

Game seed: 12371011789682769519

75 Icepheonix32 the Skirmisher (level 4, -5/37 HPs)
             Began as a Demonspawn Fighter on Apr 7, 2022.
             Slain by Sigmund
             ... wielding a +3 scythe of flaming
              (14 damage)
             ... on level 2 of the Dungeon.
             The game lasted 00:01:18 (1869 turns).

Icepheonix32 the Skirmisher (Demonspawn Fighter)    Turns: 1869, Time: 00:01:18

Health: -5/37      AC:  6    Str: 18    XL:     4   Next: 11%
Magic:  4/4        EV:  9    Int:  9    God:
Gold:   75         SH:  0    Dex: 13    Spells: 3/3 levels left

rFire   . . .      SeeInvis .   a - +0 long sword
rCold   . . .      Faith    .   c - +0 buckler
rNeg    . . .      Spirit   .   b - +0 scale mail
rPois   .          Reflect  .   (no helmet)
rElec   .          Harm     .   (no cloak)
rCorr   .          Rampage  .   (no gloves)
Will    .....                   (no boots)
Stlth   ..........              (no amulet)
HPRegen 0.12/turn               (no ring)
MPRegen 0.09/turn               (no ring)

@: confused, mighty
A: claws 1, powered by pain 1
a: no special abilities


You were on level 2 of the Dungeon.
You visited 1 branch of the dungeon, and saw 2 of its levels.

You collected 75 gold pieces.

Inventory:

Hand Weapons
 a - a +0 long sword (weapon)
Armour
 b - a +0 scale mail (worn)
 c - a +0 buckler (worn)
 g - a +0 chain mail
Scrolls
 e - a scroll of noise {unknown}
Potions
 f - a potion of haste {unknown}


   Skills:
 + Level 3.7 Fighting
 - Level 2.0 Long Blades
 + Level 3.3 Armour
 + Level 0.6 Dodging
 + Level 3.0 Shields
 * Level 0.8 Unarmed Combat


You had 3 spell levels left.
You didn't know any spells.
Your spell library contained the following spells:

 Spells                   Type           Power      Damage    Failure   Level
 Tukima's Dance           Hex            0%         N/A       99%         3
 Passage of Golubria      Tloc           0%         N/A       100%        4
 Yara's Violent Unravell  Hex/Tmut       0%         3d3       100%        5


Dungeon Overview and Level Annotations

Branches:
Dungeon (2/15)

Altars:

Annotations:
D:2 Sigmund


Innate Abilities, Weirdness & Mutations

You have sharp fingernails.
You sometimes gain a little power by taking damage.


Message History

No target in view!
No target in view!
No target in view!
No target in view!
You see here a rat corpse.
Sigmund the Dreaded comes into view.
He is wielding a +3 scythe of flaming.
Sigmund shouts!
Sigmund is nearby!
Sigmund barely misses you.
Sigmund hits you with a +3 scythe of flaming!
Sigmund burns you.
You closely miss Sigmund.
Sigmund hits you with a +3 scythe of flaming.
Sigmund burns you.
You hit Sigmund but do no damage.
Sigmund hits you with a +3 scythe of flaming!
Sigmund burns you.
* * * LOW HITPOINT WARNING * * *
You are too injured to fight recklessly!
You are too injured to fight recklessly!
You are too injured to fight recklessly!
You are too injured to fight recklessly!
You are too injured to fight recklessly!
You are too injured to fight recklessly!
You are too injured to fight recklessly!
Unknown command.
You feel very mighty all of a sudden.
You slash Sigmund!
Sigmund is heavily wounded.
Sigmund gestures at you while chanting.
You are confused.
Sigmund hits you with a +3 scythe of flaming.
* * * LOW HITPOINT WARNING * * *
Sigmund burns you.
* * * LOW HITPOINT WARNING * * *
You slash Sigmund!
Sigmund is almost dead.
You bump into the rock wall.
Sigmund hits you with a +3 scythe of flaming!
You die...

#......#
#.###### ###
#.# #.. #.#
#.# #.######
###.#########
#......#
#...........#
######.#
#.#.#######.#
#.# #
#..@@...#.#
#.#
#######.#.#
#.# #.# #.#
#.# #.# #.#
#.# #.# #.#
#.# #.#
#.########.#
#....†.....#


You could see Sigmund.

Vanquished Creatures
  Terence (D:2)
  An adder (D:2)
  5 ball pythons
  4 bats
  3 endoplasms (D:1)
  6 giant cockroaches
  A goblin (D:2)
  4 hobgoblins
  2 jackals (D:1)
  3 kobolds
  A quokka (D:1)
  2 frilled lizards
  3 rats (D:2)
36 creatures vanquished.

Notes
Turn   | Place    | Note
-------+----------+-------------------------------------------
     0 | D:1      | Icepheonix32 the Demonspawn Fighter began the quest for the
                  | Orb.
     0 | D:1      | Reached XP level 1. HP: 18/18 MP: 1/1
   183 | D:1      | Gained mutation: You have sharp fingernails. [demonic
                  | ancestry]
   183 | D:1      | Reached XP level 2. HP: 21/24 MP: 2/2
   258 | D:1      | You fall into a shaft and drop 1 floor!
  1004 | D:2      | Reached XP level 3. HP: 29/29 MP: 3/3
  1014 | D:2      | Noticed Terence
  1032 | D:2      | Killed Terence
  1365 | D:2      | Gained mutation: You sometimes gain a little power by
                  | taking damage. [demonic ancestry]
  1365 | D:2      | Reached XP level 4. HP: 18/37 MP: 4/4
  1861 | D:2      | Noticed Sigmund
  1869 | D:2      | Slain by Sigmund

Illustrated notes

Levels and vault maps discovered:
D:1:      dpeg_arrival_leaves_temple_mockup, layout_basic
D:2:      layout_basic, uniq_sigmund, uniq_terence

Skill      XL: |  1  2  3 |
---------------+----------+-----
Long Blades    | 2 |  2.0
Armour         | 3 |  3.3
Shields        | 3 |  3.0
Fighting       | |  3.7
Dodging        | |  0.6
Unarmed Combat | |  0.8

Action                   |  1- 3 |  4- 6 || total
-------------------------+-------+-------++-------
Melee: Long sword        |   106 |    14 ||   120
  Use: Potion            |       |     1 ||     1
Armor: Scale mail        |    66 |     5 ||    71
Dodge: Dodged            |    57 |     3 ||    60
Block: Buckler           |    31 |       ||    31
